AoeStats
← shengteng

Arabia

509597408Analyzed
1v1 RM · 5d ago on Sep 27, 2026· 50m 0s· 2 players
Game mode
Random Map
Map size
Tiny (2 player)
Population
200
Speed
Normal
Resources
Standard
Victory
Conquest
Starting age
Dark Age
Ending age
Imperial Age
RankedLock teamsTeams togetherTeam positionsShared explorationLock speedFull tech treeHidden civsTurbo modeCheats
Victory
Defeat
🇨🇳 Bulgarians · China
632
+13
🇩🇪 Byzantines · Germany
568
-13
Jolek
0:27 Loom
10:49 Feudal Age
14:59 Double-Bit Axe
16:37 Fletching
20:33 Castle Age
19:45 Padded Archer Armor
24:24 Thumb Ring
24:24 Horse Collar
25:56 Heavy Plow
28:10 Crossbowman
29:43 Bodkin Arrow
31:14 Husbandry
31:27 Pikeman
32:25 Forging
32:19 Scale Mail Armor
32:58 Squires
32:43 Elite Skirmisher
36:35 Imperial Age
35:35 Chain Mail Armor
37:19 Ballistics
38:31 Wheelbarrow
42:05 Bracer
42:04 Murder Holes
43:12 Chemistry
shengteng
0:41 Loom
13:28 Feudal Age
14:00 Horse Collar
14:34 Double-Bit Axe
17:55 Stone Mining
19:03 Town Watch
20:25 Wheelbarrow
20:50 Fletching
21:11 Forging
23:49 Castle Age
22:10 Arson
23:02 Scale Mail Armor
23:35 Bloodlines
23:47 Scale Barding Armor
25:17 Iron Casting
24:38 Bodkin Arrow
24:47 Heavy Plow
25:00 Bow Saw
24:54 Squires
24:39 Gambesons
24:51 Gold Mining
25:40 Husbandry
26:07 Chain Mail Armor
30:04 Stirrups
31:23 Hand Cart
31:55 Gold Shaft Mining
33:06 Murder Holes
33:37 Town Patrol
35:06 Stone Shaft Mining
35:18 Masonry
36:06 Chain Barding Armor
36:38 Guard Tower
40:09 Imperial Age
38:28 Fervor
41:21 Conscription
43:08 Elite Konnik
45:03 Blast Furnace
44:03 Bracer
49:02 Architecture
49:06 Plate Mail Armor
Connection lost

Rejoining the realm…

Still unreachable

The connection could not be restored.

Session expired

The server has moved on; the page needs a fresh start.